Unix NetHack Version 5.0.0-0 post-release - last build Jul 14 2026 02:55:29 (1809b74e8187c3a3585e283601c3028b46cbbdcb,branch:main).

Game began 2026-07-16 01:07:14, ended 2026-07-16 01:25:53.

Jinnora, neutral female human Wizard

                   ---
                   -..--
                    ....
                    ....
                    -...
                    -...
                    .....      -----
                   --....      |...-
                   |.....     --...
                    -....--   |...-
                    |.....-#---...|
  |   |       -- -- --.....#.*....--
  -......## ###.........h@...%[.)..|
            -...!...... ---##-|....-
              -..... --       |.......
            .....             -....`.--
           |...                ..... .
           -- -               ........
                             ----......
                                 --..|.-
                                   -----
Jinnora the Thaumaturge   St:12 Dx:14 Co:15 In:16 Wi:7 Ch:13  Neutral
Dlvl:5  $:0  HP:0(45) Pw:31(36) AC:9  Xp:6/494 T:2493 

Latest messages:
 What do you want to use or apply? [cnpqstCRV or ?*] s
 You put 2 uncursed black gems into the bag.
 You put a blue gem into the bag.
 You put a cursed green gem into the bag.
 You put a green gem into the bag.
 You put an uncursed orange gem into the bag.
 You put a cursed orange gem into the bag.
 You put 2 uncursed red gems into the bag.
 You put 2 yellowish brown gems into the bag.
 What do you want to use or apply? [cnpqstCRV or ?*] s
 You put a cursed clear potion into the bag.
 You put an uncursed potion of confusion into the bag.
 You put a blessed potion of sickness into the bag.
 You put an uncursed potion of sickness into the bag.
 What do you want to use or apply? [cnpqstCRV or ?*] i
 Sorry, I don't know how to use that.
 What do you want to use or apply? [cnpqstCRV or ?*] s
 You put 30 gold pieces into the bag.
 You put 7 cursed silver arrows into the bag.
 You put 10 blessed throwing stars into the bag.
 You put 11 uncursed darts into the bag.
 You put an uncursed dagger into the bag.
 You put 3 cursed daggers into the bag.
 You put 6 daggers into the bag.
 You descend the stairs.
 The kitten picks up a dagger.
 A - a scroll labeled VE FORBRYDERNE.
 B - an empty bag.
 You have a little trouble lifting a pick-axe.  Continue? [ynq] (q) n
 What do you want to call? [pstA-CRVX or ?*] ?
 Call a bag: bag1
 D - a pair of jungle boots.
 You miss the dwarf.
 The dwarf swings his broad pick.
 The dwarf hits!
 You hit the dwarf.
 The dwarf swings his broad pick.
 The dwarf hits!
 You miss the dwarf.
 The kitten drops a dagger.
 You miss the dwarf.
 The kitten picks up a dagger.
 The dwarf swings his broad pick.
 The dwarf hits!
 Are you sure you want to pray? [yn] (n) y
 You begin praying to Thoth.
 The dwarf swings his broad pick.
 The dwarf hits!
 You die...
 Do you want your possessions identified? [ynq] (y) q

Inventory:
 Weapons  (')')
  J - an uncursed +0 elven dagger
  a - a blessed +1 quarterstaff (weapon in hands)
 Armor    ('[')
  D - a cursed -1 pair of fumble boots
  b - an uncursed +0 cloak of magic resistance (being worn)
 Comestibles  ('%')
  P - an uncursed slime mold
  o - 4 uncursed food rations
  G - an uncursed lembas wafer
  L - an uncursed orange
  u - 3 uncursed lichen corpses
 Scrolls  ('?')
  A - an uncursed scroll of confuse monster
  i - an uncursed scroll of teleportation
 Potions  ('!')
  h - an uncursed potion of healing
 Rings    ('=')
  X - a cursed -1 ring of gain constitution
  d - an uncursed ring of polymorph control
  e - an uncursed ring of teleportation
 Wands    ('/')
  q - an uncursed wand of light (0:9)
  C - an uncursed wand of locking (0:5)
  t - an uncursed wand of slow monster (0:8)
  p - an uncursed wand of slow monster (0:5)
  c - an uncursed wand of stasis (0:3)
 Tools    ('(')
  s - an uncursed sack containing 31 items
  B - an empty uncursed sack
  n - an uncursed magic marker (0:20)
  V - an uncursed tin whistle
  R - a cursed wax candle

Contents of the sack:
  30 gold pieces
  7 cursed -1 silver arrows
  10 blessed +2 shuriken
  11 uncursed +0 darts
  an uncursed +1 dagger
  3 cursed -1 daggers
  6 uncursed +0 daggers
  an uncursed scroll of punishment
  an uncursed scroll of enchant weapon
  a cursed scroll of identify
  2 uncursed scrolls of remove curse
  an uncursed scroll of charging
  an uncursed scroll of magic mapping
  an uncursed scroll of light
  an uncursed scroll of confuse monster
  an uncursed scroll of destroy armor
  a blessed scroll of gold detection
  an uncursed spellbook of create monster
  a blessed spellbook of force bolt
  a potion of unholy water
  an uncursed potion of confusion
  a blessed potion of sickness
  an uncursed potion of sickness
  2 uncursed worthless pieces of black glass
  an uncursed worthless piece of blue glass
  a cursed worthless piece of green glass
  an uncursed turquoise stone
  an uncursed worthless piece of orange glass
  a cursed worthless piece of orange glass
  2 uncursed worthless pieces of red glass
  2 uncursed worthless pieces of yellowish brown glass

Jinnora the Wizard's attributes:

Background:
 You were a Thaumaturge, a level 6 female human Wizard.
 You were neutral, on a mission for Thoth
 who was opposed by Ptah (lawful) and Anhur (chaotic).
 You were right-handed.
 You were in the Gnomish Mines, on level 5.
 You entered the dungeon 2493 turns ago.
 It was nighttime.
 There was a new moon in effect when your adventure ended.
 You had 494 experience points, 146 more were needed to attain level 7.

Basics:
 You had 0 out of 45 hit points.
 You had 31 out of 36 energy points (spell power).
 Your armor class was 9.
 Your wallet was empty, but
 you had 30 zorkmids stashed away in your pack.
 Autopickup was off.

Final Characteristics:
 Your strength was 12 (limit:18/100).
 Your dexterity was 14 (limit:18).
 Your constitution was 15 (limit:18).
 Your intelligence was 16 (limit:18).
 Your wisdom was 7 (limit:18).
 Your charisma was 13 (limit:18).

Final Status:
 You weren't hungry.
 You were unencumbered.
 You were wielding a quarterstaff.
 You had basic skill with quarterstaff and could have enhanced that.

Final Attributes:
 You were piously aligned.
 You were magic-protected.
 You were warded.
 You are dead.

Miscellaneous:
 You encountered 1 bones level.
 Total elapsed playing time was 18 minutes and 38 seconds.

Major events:
 Turn
    1: Jinnora the neutral female human Wizard entered the dungeon
  481: attained the rank of Conjurer (level 3)
  623: entered the Gnomish Mines
 2112: attained the rank of Thaumaturge (level 6)
 2493: killed by a dwarf, while praying

Spells:
 Name                 Level Category     Fail Retention
 force bolt             1   attack         0%   81%-90%
 create monster         2   clerical      47%  76%-100%

Skills:
 Fighting Skills
   bare handed combat [Unskilled]
   riding             [Unskilled]
 Weapon Skills
   dagger             [Unskilled]
   knife              [Unskilled]
   axe                [Unskilled]
   short sword        [Unskilled]
   club               [Unskilled]
   mace               [Unskilled]
   quarterstaff       [Basic]
   polearms           [Unskilled]
   spear              [Unskilled]
   trident            [Unskilled]
   sling              [Unskilled]
   dart               [Unskilled]
   shuriken           [Unskilled]
 Spellcasting Skills
   attack spells      [Basic]
   healing spells     [Unskilled]
   divination spells  [Unskilled]
   enchantment spells [Basic]
   clerical spells    [Unskilled]
   escape spells      [Unskilled]
   matter spells      [Unskilled]

Voluntary challenges:
 Character rerolling was not enabled.
 You never genocided any monsters.
 You never polymorphed an object.
 You never changed form.
 You used no wishes.
Achievements:
 You attained the rank of Conjurer.
 You entered the Gnomish Mines.
 You entered a shop.
 You attained the rank of Thaumaturge.

 The Dungeons of Doom: levels 1 to 4
    Level 1:
       An altar, some fountains.
    Level 2:
       Many fountains, a sink.
       Stairs down to The Gnomish Mines.
    Level 3:
       A potion shop.
    Level 4:
 The Gnomish Mines: levels 3 to 5
    Level 3:
    Level 4:
    Level 5: <- You were here.
       Final resting place for
          you, killed by a dwarf, while praying,
          spody-Wiz-Gno-Mal-Neu, killed by a hallucinogen-distorted yeti, while praying.


Vanquished creatures:
  a black light
  a rock mole
  a pony
  3 gnome leaders
  2 gnomish wizards
  4 elf zombies
  a giant ant
  5 dwarves
  2 iguanas
  a hobbit
  a hobgoblin
  a giant rat
  2 yellow molds
  a green mold
 20 gnomes
  5 geckos
  a jackal
  2 kobolds
  5 goblins
  3 grid bugs
  5 lichens
  8 newts
75 creatures vanquished.

No species were genocided or became extinct.

Game over:
                       ----------
                      /          \
                     /    REST    \
                    /      IN      \
                   /     PEACE      \
                  /                  \
                  |     Jinnora      |
                  |      30 Au       |
                  |   killed by a    |
                  |      dwarf       |
                  |                  |
                  |                  |
                  |       2026       |
                 *|     *  *  *      | *
        _________)/\\_//(\/(/\)/\//\/|_)_______

Goodbye Jinnora the Wizard...

You died in The Gnomish Mines on dungeon level 5 with 2213 points,
and 30 pieces of gold, after 2493 moves.
You were level 6 with a maximum of 45 hit points when you died.

